 Dungeon Crawl Stone Soup version 0.23-b1-6-ga921848b48 (webtiles) character file.

Game seed: 14923991420127380271

97 Infinimo the Digger (level 4, -9/24 HPs)
             Began as a Gargoyle Earth Elementalist on Feb 2, 2019.
             Was an Initiate of Vehumet.
             Engulfed by a cloud of blessed fire (12 damage)
             ... on level 2 of the Dungeon.
             The game lasted 00:03:32 (2474 turns).

Infinimo the Digger (Gargoyle Earth Elementalist)   Turns: 2474, Time: 00:03:37

Health: -9/24      AC:  9    Str: 11    XL:     4   Next: 68%
Magic:  8/8        EV: 12    Int: 17    God:    Vehumet [......]
Gold:   134        SH:  0    Dex: 10    Spells: 4/8 levels left

rFire    . . .     SeeInvis .   l - +0 dagger
rCold    . . .     Gourm    .   (no shield)
rNeg     + . .     Faith    .   c - +0 robe
rPois    ∞         Spirit   .   i - +2 helmet
rElec    +         Reflect  .   (no cloak)
rCorr    .         Harm     .   (no gloves)
MR       .....                  f - +0 pair of boots
Stlth    +.........             (no amulet)
HPRegen  0.08/turn              (no ring)
MPRegen  0.11/turn              (no ring)

@: glowing
A: negative energy resistance 1, electricity resistance, unbreathing,
petrification resistance, rot immunity, AC +3
a: Renounce Religion


You were on level 2 of the Dungeon.
You worshipped Vehumet.
Vehumet was noncommittal.
You were hungry.

You visited 1 branch of the dungeon, and saw 2 of its levels.

You collected 134 gold pieces.

Inventory:

Hand Weapons
 l - a +0 dagger (weapon)
Missiles
 b - 24 stones (quivered)
Armour
 c - a +0 robe (worn)
 f - a +0 pair of boots (worn)
 i - a +2 helmet (worn)
Scrolls
 a - 2 scrolls of teleportation {unknown}
 g - a scroll of amnesia {unknown}
 j - a scroll of identify {unknown}
 k - 2 scrolls of magic mapping {unknown}
 m - a scroll of remove curse {unknown}
 p - a scroll of enchant weapon {unknown}
Potions
 e - 3 potions of haste {unknown}
 h - 3 potions of curing {unknown}
 o - a potion of magic {unknown}
Comestibles
 d - 4 rations


   Skills:
 - Level 1.5 Dodging
 - Level 2.1 Stealth
 + Level 2.9 Spellcasting
   Level 0.7 Transmutations
 * Level 5.6 Earth Magic


You had 4 spell levels left.
You knew the following spells:

 Your Spells              Type           Power        Failure   Level  Hunger
a - Sandblast             Erth           ###...       1%          1    None
b - Stone Arrow           Conj/Erth      ##....       17%         3    ###....

Your spell library contained the following spells:

 Spells                   Type           Power        Failure   Level  Hunger
 Passwall                 Tmut/Erth      ##......     7%          2    ##.....
 Petrify                  Tmut/Erth      ##......     43%         4    ####...
 Lee's Rapid Deconstruct  Erth           ###.......   43%         5    ######.


Dungeon Overview and Level Annotations

Branches:
Dungeon (2/15)

Altars:
Elyvilon
Fedhas
Uskayaw
Vehumet
Wu Jian
Yredelemnul
The Shining One


Innate Abilities, Weirdness & Mutations

You are resistant to torment.
Your stone body is resilient. (AC +3)
You are immune to poison.
You resist negative energy. (rN+)
You are resistant to electric shocks. (rElec)
You can survive without breathing.
You are immune to petrification.
You are immune to rotting.


Message History

You see here 12 poisoned needles.
You see here a +0 club.
There is an open door here.
Partly explored, can't reach some items.
Partly explored, can't reach some items.
Partly explored, can't reach some items.
Really walk into that cloud of blessed fire?
Okay, then.
The angel shouts!
There is a glowing golden altar of the Shining One here.
You are feeling hungry.
Really walk into that cloud of blessed fire?
Really walk into a travel-excluded area?
You are engulfed in blessed fire.
Ouch! That really hurt!
* * * LOW HITPOINT WARNING * * *
You now have 134 gold pieces (gained 6).
You are engulfed in blessed fire.
Ouch! That really hurt!
You die...

##...#...######'### #...########
##.#.#......#.....####...........
##.#.#...##.........##...........
##.#.#...####.....#..)...........
##.#.....# ###'######...........
##.##....# #...# #...........
##.##....# #§.§# #...........
##.###..## #...# #)..........
##.# #.># #§.@# #........... ##.#
##.# #._.# #........... #.# #.#
#§.§# #........... #.# #.# #####
#.)......... #.# #.# ##A##
#........... #.# #.# #####
#........... ##.# #.#
############ ...# #.# #######.#


You could see an angel.

Vanquished Creatures
  A gnoll (D:1)
  3 adders (D:2)
  2 worms (D:2)
  A dart slug (D:1)
  3 leopard geckos
  3 giant cockroaches (D:1)
  7 goblins
  9 hobgoblins
  8 bats
  2 frilled lizards (D:2)
  4 kobolds
  5 rats
48 creatures vanquished.

Notes
Turn   | Place    | Note
-------+----------+-------------------------------------------
     0 | D:1      | Infinimo the Gargoyle Earth Elementalist began the quest
                  | for the Orb.
     0 | D:1      | Reached XP level 1. HP: 10/10 MP: 3/3
   140 | D:1      | Reached skill level 4 in Earth Magic
   190 | D:1      | Reached XP level 2. HP: 15/15 MP: 3/5
   522 | D:1      | Reached XP level 3. HP: 19/19 MP: 1/6
  1139 | D:2      | Found a white marble altar of Elyvilon.
  1188 | D:2      | Found an ornate altar of the Wu Jian Council.
  1268 | D:2      | Found a faded altar of an unknown god.
  1268 | D:2      | Found a radiant altar of Vehumet.
  1281 | D:2      | Reached skill level 5 in Earth Magic
  1362 | D:2      | Found a hide-covered altar of Uskayaw.
  1364 | D:2      | Found a blossoming altar of Fedhas.
  1366 | D:2      | Found a faded altar of an unknown god.
  1386 | D:2      | Became a worshipper of Vehumet
  1566 | D:2      | Reached XP level 4. HP: 24/24 MP: 8/8
  1571 | D:2      | Learned a level 3 spell: Stone Arrow
  2108 | D:2      | Found a basalt altar of Yredelemnul.
  2252 | D:2      | Found a glowing golden altar of the Shining One.
  2432 | D:2      | Noticed an angel
  2474 | D:2      | Engulfed by a cloud of blessed fire

Skill      XL: |  1  2  3 |
---------------+----------+-----
Earth Magic    | 4 5 |  5.6
Dodging        | |  1.5
Stealth        | |  2.1
Spellcasting   | |  2.9
Transmutations | |  0.7

Action                   |  1- 3 |  4- 6 || total
-------------------------+-------+-------++-------
Melee: Unarmed           |    17 |       ||    17
       Dagger            |    51 |    48 ||    99
 Cast: Sandblast         |    39 |     9 ||    48
 Stab: Sleeping          |     2 |       ||     2
  Eat: Chunk             |     3 |     2 ||     5
Armor: Robe              |    45 |    30 ||    75
Dodge: Dodged            |    55 |    44 ||    99
